 Dungeon Crawl Stone Soup version 0.30-a0-50-gb2d611f6b1 (webtiles) character file.

Game seed: 12588273257173991381

275 BritishOli the Trooper (level 6, 48/48 HPs)
             Began as a Demonspawn Fighter on Sept 5, 2022.
             Got out of the dungeon alive.
             The game lasted 00:04:37 (3860 turns).

BritishOli the Trooper (Demonspawn Fighter)         Turns: 3860, Time: 00:04:37

Health: 48/48      AC: 11    Str: 24    XL:     6   Next: 3%
Magic:  6/6        EV:  6    Int: 10    God:
Gold:   192        SH:  5    Dex: 12    Spells: 5/5 levels left

rFire   . . .      SeeInvis .    a - +0 long sword
rCold   . . .      Faith    +    c - +0 buckler
rNeg    . . .      Spirit   .    r - +0 plate armour
rPois   .          Reflect  .    (no helmet)
rElec   .          Harm     .    (no cloak)
rCorr   .          Rampage  .    (no gloves)
Will    .....                    (no boots)
Stlth   ..........               e - amulet of faith
HPRegen 0.16/turn                s - +6 ring of strength
MPRegen 0.10/turn                (no ring)

@: no status effects
A: claws 2, ignite blood 1, demonic magic 1
a: no special abilities


You escaped.
You visited 1 branch of the dungeon, and saw 4 of its levels.

You collected 192 gold pieces.

Inventory:

Hand Weapons
 a - a +0 long sword (weapon)
Armour
 b - a +0 scale mail
 c - a +0 buckler (worn)
 r - a +0 plate armour (worn)
Jewellery
 e - an amulet of faith (around neck)
 s - a +6 ring of strength (left claw)
Scrolls
 h - 5 scrolls of identify {unknown}
 i - 2 scrolls of immolation {unknown}
 j - 3 scrolls of vulnerability {unknown}
 l - a scroll of blinking {unknown}
 m - a scroll of torment {unknown}
 n - a scroll of noise {unknown}
 o - 2 scrolls of amnesia {unknown}
 q - 3 scrolls of teleportation {unknown}
 w - a scroll of enchant armour {unknown}
 x - a scroll of summoning {unknown}
Potions
 d - a potion of might
 f - 3 potions of ambrosia {unknown}
 g - 2 potions of cancellation {unknown}
 k - a potion of invisibility {unknown}
 p - a potion of heal wounds {unknown}
 t - a potion of mutation {unknown}
 u - 2 potions of curing {unknown}
 v - a potion of lignification {unknown}


   Skills:
 - Level 4.0 Fighting
 - Level 3.0 Long Blades
 + Level 4.0 Armour
 + Level 4.0 Shields


You had 5 spell levels left.
You didn't know any spells.
Your spell library contained the following spells:

 Spells                   Type           Power      Damage    Failure   Level
 Necrotise                Necr           0%         1d4       100%        1


Dungeon Overview and Level Annotations

Branches:
Dungeon (4/15)
 Temple: D:4-7

Altars:
Ashenzari

Annotations:
D:3 2 transporters


Innate Abilities, Weirdness & Mutations

You have very sharp fingernails.
Your demonic aura sometimes causes spilled blood to erupt in flames.
Spells you cast may paralyse adjacent enemies.


Message History

Level annotation: 2 transporters
There is a stone staircase leading down here.
(D) Dungeon
Where to? (Enter - D:3, ? - help)
Okay, then.
(D) Dungeon
Where to? (Enter - D:3, ? - help)
There is a stone staircase leading up here.
You climb upwards.
There is a stone staircase leading down here.
(D) Dungeon
Where to? (Enter - D:2, ? - help)
There is a stone staircase leading down here.
There is a stone staircase leading up here.
You climb upwards.
There is a stone staircase leading down here.
(D) Dungeon
Where to? (Enter - D:1, ? - help)
Okay, then.
You start resting.
HP restored.
Done exploring.
No target in view!
Done exploring.
No target in view!
Done exploring.
(D) Dungeon
Where to? (Enter - D:1, ? - help)
You climb downwards.
There is a stone staircase leading up here.
(D) Dungeon
Where to? (Enter - D:2, ? - help)
You climb upwards.
There is a stone staircase leading down here.
There is a fountain of clear blue water here.
You see here a +0 mace.
There is an open door here.
There is a staircase leading out of the dungeon here.
Are you sure you want to leave the Dungeon?
This will make you lose the game!
You have escaped!

############
#...#......#
#...#..###.#######
###'#....#.#.....#
#@#...)⌠.#.#.##.##
#.#..#.......##.#
#.'.####.....##.#
#.#..#.......##.#
#.#....⌠.#.#.##.#
###'#....#.#.##.#
#...#..###.#.##.#
#...#......#.##.##
#############.#....


There were no monsters in sight!

Vanquished Creatures
  A howler monkey (D:4)
  A hound (D:4)
  A jelly (D:2)
  Ijyb (D:4)
  2 gnolls (D:3)
  7 adders
  A worm (D:2)
  2 dart slugs
  An orc (D:2)
  8 ball pythons
  4 endoplasms
  3 giant cockroaches
  4 goblins
  6 hobgoblins
  3 quokkas
  12 bats
  2 frilled lizards
  5 kobolds
  5 rats
69 creatures vanquished.

Vanquished Creatures (others)
  5 fungi (D:2)
  10 plants
15 creatures vanquished.

Grand Total: 84 creatures vanquished

Notes
Turn   | Place    | Note
-------+----------+-------------------------------------------
     0 | D:1      | BritishOli the Demonspawn Fighter began the quest for the
                  | Orb.
     0 | D:1      | Reached XP level 1. HP: 18/18 MP: 1/1
   643 | D:1      | Gained mutation: You have sharp fingernails. [demonic
                  | ancestry]
   643 | D:1      | Reached XP level 2. HP: 24/24 MP: 2/2
   951 | D:2      | Gained mutation: Your demonic aura sometimes causes spilled
                  | blood to erupt in flames. [demonic ancestry]
   951 | D:2      | Reached XP level 3. HP: 23/29 MP: 3/3
  1455 | D:2      | Gained mutation: You have very sharp fingernails. [demonic
                  | ancestry]
  1455 | D:2      | Reached XP level 4. HP: 30/35 MP: 4/4
  2163 | D:2      | Found a faded altar of an unknown god.
  2167 | D:2      | Got Plato's Disquisition on Misery
  2709 | D:3      | Found a transporter.
  2709 | D:3      | Found a transporter.
  2779 | D:3      | Found a broken altar of Ashenzari.
  2801 | D:3      | Reached XP level 5. HP: 42/42 MP: 5/5
  3568 | D:4      | Noticed Ijyb
  3583 | D:4      | Killed Ijyb
  3584 | D:4      | Gained mutation: Spells you cast may paralyse adjacent
                  | enemies. [demonic ancestry]
  3584 | D:4      | Reached XP level 6. HP: 12/48 MP: 6/6
  3860 | D:$      | Got out of the dungeon alive.

Illustrated notes

Levels and vault maps discovered:
D:1:      dpeg_arrival_court, layout_basic
D:2:      minmay_razor_zed, layout_loops_ring,
          shapermc_ecumenical_altar_rom_forum, basic_altar
D:3:      layout_loops_ring, mainiacjoe_overflow_catwalk,
          gammafunk_ghost_gnarly_gnolls, chequers_decorated_corner,
          minmay_randomly_rotated_circles
D:4:      layout_loops_ring, lightli_temple_of_fire,
          nicolae_overflow_two_pavilions, eino_small_chamber_without_monster,
          uniq_ijyb

Skill      XL: |  1  2  3  4  5 |
---------------+----------------+-----
Long Blades    | 2 3 |  3.0
Armour         | 3 4 |  4.0
Shields        | 3 4 |  4.0
Fighting       | 4 |  4.0

Action                   |  1- 3 |  4- 6 || total
-------------------------+-------+-------++-------
Melee: Long sword        |    97 |   156 ||   253
Armor: Scale mail        |    67 |    45 ||   112
       Plate armour      |       |    52 ||    52
Dodge: Dodged            |    58 |    65 ||   123
Block: Buckler           |    20 |    46 ||    66

Table legend: (Time is in decaauts)
 A = Elapsed time spent in this place.
 B = Non-inter-level travel time spent in this place.
 C = Inter-level travel time spent in this place.
 D = Time resting spent in this place.
 E = Time spent auto-exploring this place.
 F = Levels seen in this place.
 G = Mean time per level.
                   A        B        C        D        E       F      G
               +--------+--------+--------+--------+--------+-----+--------+
         Total |   3941 |   3659 |    282 |    409 |   2666 |   4 |  985.2 |
       Dungeon |   3941 |   3659 |    282 |    409 |   2666 |   4 |  985.2 |
               +--------+--------+--------+--------+--------+-----+--------+

Top non-repeatable levels by time:
     D:2: 1816 daAuts
     D:1: 1064 daAuts
     D:3: 933 daAuts
     D:4: 126 daAuts
